AoeStats
← Pwncakes

Fortress

509170896Analyzed
2v2 RM · 7d ago on Sep 25, 2026· 37m 36s· 4 players
Game mode
Random Map
Map size
Normal (6 player)
Population
200
Speed
Normal
Resources
Standard
Victory
Conquest
Starting age
Dark Age
Ending age
Imperial Age
RankedLock teamsTeams togetherTeam positionsShared explorationLock speedFull tech treeHidden civsTurbo modeCheats
Victory
Defeat
🇳🇱 Varangians · Netherlands
1520
+12
🇳🇱 Danes · Netherlands
1513
+12
🇺🇸 Saxons · United States
1458
-13
🇸🇪 Bulgarians · Sweden
1412
-11
Pwncakes
6:46 Feudal Age
10:50 Castle Age
8:59 Double-Bit Axe
10:12 Horse Collar
12:32 Bow Saw
14:37 Heavy Plow
16:32 Loom
18:17 Gold Mining
19:17 Stone Mining
20:23 Gold Shaft Mining
22:29 Scale Mail Armor
23:10 Wheelbarrow
24:33 Chain Mail Armor
24:20 Squires
26:53 Imperial Age
24:50 Chain Mail Armor
24:36 Fletching
24:56 Town Watch
25:27 Hand Cart
25:58 Squires
25:18 Pikeman
26:09 Forging
26:17 Bodkin Arrow
27:56 Iron Casting
26:53 Shield Wall
27:54 Conscription
26:56 Elite Hearth Troop
29:07 Plate Mail Armor
28:51 Arson
29:28 Elite Varangian Guard
30:52 Bracer
32:13 Padded Archer Armor
35:20 Leather Archer Armor
36:12 Hoardings
35:17 Pikeman
35:44 Gambesons
35:44 Halberdier
38:19 Hoardings
amaoko21
7:25 Feudal Age
10:52 Castle Age
9:28 Double-Bit Axe
10:05 Horse Collar
13:26 Loom
19:02 Wheelbarrow
20:14 Heavy Plow
20:52 Hand Cart
20:43 Gold Mining
22:01 Gold Shaft Mining
21:48 Bow Saw
26:09 Imperial Age
24:30 Stirrups
26:12 Bloodlines
26:02 Husbandry
27:26 Scale Barding Armor
27:32 Forging
26:49 Elite Konnik
26:54 Light Cavalry
28:03 Conscription
29:07 Chain Barding Armor
29:22 Iron Casting
28:33 Hussar
31:05 Blast Furnace
31:33 Plate Barding Armor
31:02 Scale Mail Armor
32:26 Chain Mail Armor
34:32 Stone Mining
35:10 Gambesons
35:27 Squires
36:51 Plate Mail Armor
37:26 Chemistry
38:22 Ballistics
skik
8:17 Feudal Age
9:02 Double-Bit Axe
9:33 Horse Collar
11:59 Castle Age
10:13 Gold Mining
14:18 Bow Saw
15:02 Heavy Plow
16:56 Wheelbarrow
16:54 Loom
16:56 Town Watch
18:33 Hand Cart
25:23 Imperial Age
25:05 Squires
24:52 Arson
25:21 Scale Mail Armor
27:01 Chain Mail Armor
27:16 Gambesons
27:13 Gothikon
28:29 Plate Mail Armor
28:09 Elite Varangian Guard
29:10 Forging
31:35 Iron Casting
31:09 Caravan
33:41 Blast Furnace
35:29 Chemistry
Xyrr
7:46 Feudal Age
8:21 Double-Bit Axe
11:17 Castle Age
9:05 Horse Collar
9:58 Gold Mining
10:34 Loom
12:34 Bow Saw
18:19 Wheelbarrow
18:04 Town Watch
19:21 Heavy Plow
20:41 Gold Mining
21:59 Gold Shaft Mining
21:17 Stone Mining
22:19 Squires
22:20 Scale Mail Armor
23:05 Town Patrol
26:12 Imperial Age
24:12 Chain Mail Armor
24:17 Forging
24:21 Hamask
26:43 Iron Casting
25:56 Gambesons
26:03 Arson
27:24 Plate Mail Armor
27:24 Conscription
26:45 Light Cavalry
29:01 Plate Mail Armor
29:11 Hand Cart
30:43 Blast Furnace
30:49 Masonry
30:44 Siege Engineers
31:17 Scale Barding Armor
31:54 Elite Jomsviking
34:25 Fletching
35:20 Thumb Ring
35:04 Heavy Mounted Crossbowman
36:34 Bodkin Arrow
37:13 Padded Archer Armor
37:35 Bracer
37:00 Cranequins
Connection lost

Rejoining the realm…

Still unreachable

The connection could not be restored.

Session expired

The server has moved on; the page needs a fresh start.